 Dungeon Crawl Stone Soup version 0.21.0-3-g78d12a8 (webtiles) character file.

122 Faca the Poker (level 4, -1/38 HPs)
             Began as a Centaur Gladiator on Jan 14, 2018.
             Was an Initiate of Okawaru.
             Slain by Blork the orc
             ... wielding a +2 halberd of flaming
              (9 damage)
             ... on level 4 of the Dungeon.
             The game lasted 00:05:24 (3430 turns).

Faca the Poker (Centaur Gladiator)                  Turns: 3430, Time: 00:05:25

Health: -1/38      AC:  6    Str: 16    XL:     4   Next: 78%
Magic:  4/4        EV: 13    Int:  7    God:    Okawaru [......]
Gold:   177        SH:  0    Dex: 12    Spells: 3/3 levels left

rFire    . . .     SeeInvis .   a - +0 trident
rCold    . . .     Gourm    .   (no shield)
rNeg     . . .     Faith    .   i - +0 ring mail
rPois    .         Spirit   .   c - +0 helmet
rElec    .         Reflect  .   (no cloak)
rCorr    .         Harm     .   (no gloves)
MR       .....                  (no barding)
Stlth    ..........             (no amulet)
HPRegen  0.12/turn              k - +4 ring of evasion
MPRegen  0.09/turn              (no ring)

@: very quick
A: large, hooves 3, deformed body, speed 2, tough skin 3
a: Renounce Religion


You were on level 4 of the Dungeon.
You worshipped Okawaru.
Okawaru was noncommittal.
You were not hungry.

You visited 1 branch of the dungeon, and saw 4 of its levels.

You collected 177 gold pieces.

Inventory:

Hand Weapons
 a - a +0 trident (weapon)
 m - a +0 shortbow
Missiles
 d - 3 throwing nets (quivered)
 o - 10 arrows
Armour
 c - a +0 helmet (worn)
 i - a +0 ring mail (worn)
Jewellery
 k - a +4 ring of evasion (left hand)
Scrolls
 b - a scroll of magic mapping {unknown}
 g - 3 scrolls of teleportation
 j - a scroll of blinking {unknown}
 p - a scroll of enchant weapon {unknown}
Potions
 e - a potion of flight
 h - a potion of mutation {unknown}
 l - a potion of cancellation
 n - a potion of lignification
 q - a potion of agility
Comestibles
 f - 3 rations


   Skills:
 + Level 3.2 Fighting
 + Level 3.5 Polearms
 + Level 1.3 Bows
 - Level 2.1 Throwing
 + Level 1.6 Armour
 - Level 2.1 Dodging


You had 3 spell levels left.
You didn't know any spells.

Dungeon Overview and Level Annotations

Branches:
Dungeon (4/15)
 Temple: D:4-7

Altars:
Ashenzari
Dithmenos
Okawaru

Annotations:
D:3 ringo67's ghost, amateur DsIE
D:4 Blork the orc


Innate Abilities, Weirdness & Mutations

You have hooves in place of feet.
Armour fits poorly on your strangely shaped body.
You cover ground very quickly.
You have extremely tough skin. (AC +3)


Message History

Blork the orc burns you.
You hit Blork the orc but do no damage. Your kick misses Blork the orc.
Blork the orc is moderately wounded.
Blork the orc closely misses you.
You barely miss Blork the orc.
Blork the orc is moderately wounded.
Blork the orc barely misses you.
You miss Blork the orc.
Blork the orc is moderately wounded.
Blork the orc hits you with a halberd of flaming.
Blork the orc burns you.
You barely miss Blork the orc. You kick Blork the orc.
Blork the orc is moderately wounded.
Blork the orc hits you with a halberd of flaming!
Blork the orc burns you.
* * * LOW HITPOINT WARNING * * *
You closely miss Blork the orc.
Blork the orc is moderately wounded.
Blork the orc hits you with a halberd of flaming!
You die...

. #.# #.###.##.#
.........#
#.##.##..# .#
#.#..##..##.#
###.#..##..##.#
####...#......##.#
#.........###.##.#
#(.(.o@...+......###
#.........###.##...#
#.........# #..'...#
#.........# ####...#
#.(.......# ###'####
########### #......#
#...# #......##
####...# #........
#......# ###+###.#


You could see Blork the orc.

Vanquished Creatures
  An iguana (D:4)
  A worker ant (D:4)
  3 adders
  A worm (D:2)
  2 dart slugs
  2 orcs (D:3)
  3 ball pythons
  A giant cockroach (D:2)
  3 goblins
  7 hobgoblins
  A quokka (D:3)
  3 bats
  4 frilled lizards
  5 kobolds
  4 rats (D:2)
41 creatures vanquished.

Notes
Turn   | Place    | Note
-------+----------+-------------------------------------------
     0 | D:1      | Faca the Centaur Gladiator began the quest for the Orb.
     0 | D:1      | Reached XP level 1. HP: 17/17 MP: 1/1
   211 | D:1      | Reached XP level 2. HP: 17/24 MP: 2/2
   748 | D:2      | Found a shattered altar of Ashenzari.
   749 | D:2      | Found a shadowy altar of Dithmenos.
  1159 | D:2      | Reached skill level 1 in Armour
  1171 | D:2      | Reached XP level 3. HP: 30/30 MP: 3/3
  1553 | D:3      | Noticed ringo67's ghost (amateur DsIE)
  2133 | D:3      | Found an iron altar of Okawaru.
  2147 | D:3      | Became a worshipper of Warmaster Okawaru
  2245 | D:3      | Reached XP level 4. HP: 22/38 MP: 4/4
  2850 | D:4      | Noticed Blork the orc
  3093 | D:4      | Reached skill level 1 in Bows
  3430 | D:4      | Slain by Blork the orc

Skill      XL: |  1  2  3  4 |
---------------+-------------+-----
Polearms       | 3 |  3.5
Armour         | 1 |  1.6
Fighting       | 3 |  3.2
Bows           | 1 |  1.3
Throwing       | |  2.1
Dodging        | |  2.1

Action                   |  1- 3 |  4- 6 || total
-------------------------+-------+-------++-------
Melee: Trident           |   123 |    22 ||   145
       Kick              |    23 |     4 ||    27
 Fire: Shortbow          |       |     5 ||     5
  Use: Scroll            |     5 |     1 ||     6
  Eat: Ration            |     1 |     1 ||     2
Armor: Leather armour    |     4 |       ||     4
       Ring mail         |    25 |     1 ||    26
Dodge: Dodged            |    38 |    13 ||    51
